 Dungeon Crawl Stone Soup version 0.28.0-43-g3370ac3207 (webtiles) character file.

Game seed: 10886174782625454997

22977 pkoi the Zephyrmancer (level 12, -19/96 HPs)
             Began as a Pale Draconian Air Elementalist on Mar 9, 2022.
             Was an Elder of Sif Muna.
             Demolished by Rupert
             ... wielding a +1 great mace of protection
              (28 damage)
             ... on level 3 of the Lair of Beasts.
             The game lasted 00:48:25 (24702 turns).

pkoi the Zephyrmancer (DrAE)                       Turns: 24702, Time: 00:48:25

Health: -19/96     AC: 11    Str: 10    XL:     12   Next: 67%
Magic:  17/21      EV: 14    Int: 21    God:    Sif Muna [****..]
Gold:   133        SH:  0    Dex: 12    Spells: 7/24 levels left

rFire   . . .      SeeInvis .     - Unarmed
rCold   + . .      Faith    .   (shield currently unavailable)
rNeg    . . .      Spirit   .   (armour unavailable)
rPois   .          Reflect  .   h - +2 hat
rElec   .          Harm     .   y - +0 cloak
rCorr   .          Rampage  .   (gloves currently unavailable)
Will    .....                   (no boots)
Stlth   ++........              (no amulet)
HPRegen 0.26/turn               x - ring of wizardry
MPRegen 0.17/turn               u - ring of protection from cold

@: short of breath, blade hands (expiring)
A: breathe steam, AC +8, unfitting armour, cold-blooded, steam resistance
a: Breathe Steam, End Transformation, Renounce Religion, Channel Magic, Forget
Spell, Divine Exegesis


You were on level 3 of the Lair of Beasts.
You worshipped Sif Muna.
Sif Muna was greatly pleased with you.
You had blades for hands.
You visited 3 branches of the dungeon, and saw 14 of its levels.
You also visited: Volcano.

You collected 549 gold pieces.
You spent 416 gold pieces at shops.

Inventory:

Hand Weapons
 c - a +4 vorpal mace
 e - a +1 short sword
 n - a +2 dagger of venom
Missiles
 t - 2 throwing nets
Armour
 h - a +2 hat (worn)
 y - a +0 cloak (worn)
Magical Staves
 b - a staff of air (melded)
Jewellery
 g - a ring of see invisible
 u - a ring of protection from cold (right blade hand)
 x - a ring of wizardry (left blade hand)
 E - a ring of flight
Wands
 m - a wand of mindburst (11)
 r - a wand of flame (43)
 v - a wand of polymorph (12)
 w - a wand of paralysis (8)
 B - a wand of iceblast (8)
 H - a wand of digging (7)
Scrolls
 l - 3 scrolls of enchant weapon
 z - 2 scrolls of teleportation
 D - a scroll of blinking
 F - a scroll of amnesia
 G - a scroll of fog
 I - 2 scrolls of brand weapon
Potions
 a - a potion of heal wounds
 d - a potion of brilliance
 f - 4 potions of haste
 i - 2 potions of attraction {unknown}
 j - a potion of magic
 k - a potion of might
 o - 2 potions of lignification
 p - 3 potions of degeneration {unknown}
 A - a potion of flight
 C - 2 potions of berserk rage {unknown}


   Skills:
 - Level 6.0 Fighting
 - Level 6.0 Dodging
 - Level 1.7 Stealth
 - Level 12.0 Unarmed Combat
 + Level 6.6 Spellcasting
 - Level 1.0 Conjurations
 * Level 6.6 Transmutations
 - Level 13.7 Air Magic
 - Level 3.0 Invocations


You had 7 spell levels left.
You knew the following spells:

 Your Spells              Type           Power      Damage    Failure   Level
a - Shock                 Conj/Air       100%       1d9       4%          1
b - Swiftness             Air            60%        N/A       2%          3
c - Airstrike             Air            30%        N/A       4%          4
d - Summon Lightning Spi  Summ/Air       35%        N/A       14%         4
e - Blade Hands           Tmut           17%        N/A       28%         5

Your spell library contained the following spells:

 Spells                   Type           Power      Damage    Failure   Level
 Static Discharge         Conj/Air       38%        N/A       5%          2
 Lightning Bolt           Conj/Air       19%        1d33      22%         5
 Silence                  Hex/Air        17%        N/A       26%         5
 Gell's Gravitas          Tloc           6%         N/A       38%         3
 Lesser Beckoning         Tloc           6%         N/A       38%         3
 Portal Projectile        Hex/Tloc       12%        N/A       38%         3
 Teleport Other           Tloc           6%         N/A       38%         3
 Tukima's Dance           Hex            6%         N/A       38%         3
 Yara's Violent Unravell  Hex/Tmut       10%        3d6       58%         5
 Passage of Golubria      Tloc           6%         N/A       67%         4
 Excruciating Wounds      Necr           3%         N/A       90%         5
 Lehudib's Crystal Spear  Conj/Erth      4%         10d3      100%        8


Dungeon Overview and Level Annotations

Branches:
Dungeon (10/15)            Temple (1/1) D:5            Lair (3/6) D:9
  Swamp (0/4) Lair:2          Orc (0/2) D:9         Volcano (visited)
  Snake: Lair:2-4    Spider: Lair:2-4

Altars:
Ashenzari
Cheibriados
Dithmenos
Elyvilon
Fedhas
Gozag
Hepliaklqana
Kikubaaqudgha
Makhleb
Nemelex Xobeh
Okawaru
Qazlal
Ru
Sif Muna
Trog
Uskayaw
Vehumet
Wu Jian
Xom
Yredelemnul
Zin
The Shining One
Beogh

Shops:
D:2 (   D:4 :

Annotations:
Lair:3 Rupert


Innate Abilities, Weirdness & Mutations

You have blades for hands.
Your spellcasting is less reliable in this form.
You are incapable of wielding weapons or throwing items.
You can breathe blasts of scalding, opaque steam.
Your pale cyan-grey scales are hard. (AC +8)
You cannot fit into any form of body armour.
You are cold-blooded and may be slowed by cold attacks.
You are immune to the effects of steam.


Message History

Rupert hits you with a +1 great mace of protection!
* * * LOW HITPOINT WARNING * * *
A yak comes into view.
Rupert yells loudly at you.
You struggle to resist.
The yak moves out of view.
You flicker for a moment.
You feel less confused.
You strike the helpless Rupert from behind!
You hit Rupert but do no damage.
Rupert is almost dead.
Rupert hits you with a +1 great mace of protection.
* * * LOW HITPOINT WARNING * * *
You hit Rupert. You tail-slap Rupert, but do no damage.
Rupert is almost dead.
You flicker back into view.
Rupert roars madly and goes into a rage!
Rupert goes berserk!
You hit Rupert but do no damage.
Rupert is almost dead.
Rupert hits you with a +1 great mace of protection!!
* * * LOW HITPOINT WARNING * * *
Aiming: Breathe Steam (1% risk of failure)
Press: ? - help, Shift-Dir - straight line, f/p - Rupert
Aim: Rupert, wielding a +1 great mace of protection and wearing a +0 chain mail (almost dead, berserk, 81% to hit)
You exhale a blast of scalding steam.
The ball of steam hits Rupert but does no damage.
Rupert is almost dead.
Rupert is engulfed in a cloud of scalding steam.
Rupert hits you with a +1 great mace of protection.
* * * LOW HITPOINT WARNING * * *
Rupert hits you but does no damage.
You hit Rupert.
Rupert is almost dead.
Your transformation is almost over.
Rupert is engulfed in a cloud of scalding steam.
Rupert closely misses you.
You barely miss Rupert.
Rupert is almost dead.
Rupert hits you with a +1 great mace of protection!!
You die...

.. .#... ..Y ##...# ....
#....# ..b..##....#
........P..## .........#.#
..# #..§...<.###
≈..###§.§.§..#.#
≈≈)..#..§.@@..#######
≈≈....§...§......##.#
≈..................#
≈.P..≈≈≈.......P#.....####
≈≈..≈≈≈..##.....##....#
..≈≈≈≈.# #.....###...##
≈≈≈b≈.#.........####.#
≈≈≈≈.####.#.#####....####
...≈##..#..# ##.(..#.#


You could see Rupert (berserk) and a yak (wandering).

Vanquished Creatures
  4 hydras
  A centaur warrior (D:8)
  2 two-headed ogres
  2 death yaks (Lair:1)
  A lindwurm (Lair:1)
  An ugly thing (D:8)
  A cyclops (D:7)
  4 cane toads
  Joseph (D:9)
  2 gargoyles
  A kobold demonologist (D:10)
  A komodo dragon (Lair:2)
  2 trolls
  3 blink frogs (Lair:2)
  A shadow (D:10)
  A wyvern (D:10)
  10 yaks
  2 basilisks
  Eustachio (D:6)
  A vampire mosquito (D:8)
  2 steam dragons
  An acid dragon (D:9)
  A naga (Lair:3)
  Edmund (D:5)
  6 orc warriors
  10 water moccasins
  2 sky beasts (D:5)
  A necrophage (D:5)
  3 black bears
  A centaur (D:10)
  2 ogres
  8 wolves
  2 phantoms
  A kobold brigand (D:10)
  13 bullfrogs
  A scorpion (D:9)
  A gnoll sergeant (D:6)
  A water moccasin zombie (D:5)
  A wyvern skeleton (D:5)
  4 killer bees
  3 howler monkeys
  2 electric eels (D:6)
  2 bullfrog zombies
  6 centaur zombies
  3 hounds
  A jelly (D:6)
  3 gnoll shamans
  5 orc priests
  An iron imp (D:5)
  14 orc wizards
  A scorpion zombie (D:5)
  Natasha (thrice) (D:4)
  An iguana (D:6)
  A hound skeleton (D:5)
  A howler monkey zombie (D:9)
  16 gnolls
  6 adders
  2 shadow imps
  2 white imps
  5 ufetubi
  2 worms
  2 adder skeletons (D:4)
  4 dart slugs
  30 orcs
  7 endoplasms
  A giant cockroach (D:3)
  2 hobgoblins (D:1)
  5 jackals
  10 kobolds
  2 quokkas
  5 ball pythons
  5 bats
  2 goblins
  3 rats
262 creatures vanquished.

Vanquished Creatures (collateral kills)
  A death yak (Lair:2)
  A sun demon (Lair:1)
  A torpor snail (Lair:2)
  2 blink frogs
  7 yaks (Lair:2)
  A basilisk (Lair:1)
  7 wolves
20 creatures vanquished.

Vanquished Creatures (others)
  2 bushes (Lair:1)
  61 fungi
  103 plants
166 creatures vanquished.

Grand Total: 448 creatures vanquished

Notes
Turn   | Place    | Note
-------+----------+-------------------------------------------
     0 | D:1      | pkoi the Draconian Air Elementalist began the quest for the
                  | Orb.
     0 | D:1      | Reached XP level 1. HP: 14/14 MP: 3/3
   490 | D:1      | Reached XP level 2. HP: 20/20 MP: 1/5
   598 | D:1      | Reached skill level 1 in Unarmed Combat
  1447 | D:2      | Found Richovin's Antique Weapon Emporium.
  1779 | D:2      | Reached XP level 3. HP: 26/26 MP: 0/6
  1835 | D:2      | Learned a level 3 spell: Swiftness
  1856 | D:2      | Found a faded altar of an unknown god.
  2417 | D:3      | Noticed a water moccasin
  2534 | D:3      | Reached skill level 4 in Air Magic
  2912 | D:4      | Noticed an ogre
  2975 | D:4      | Reached XP level 4. HP: 25/33 MP: 1/7
  3249 | D:4      | Noticed Natasha
  3264 | D:4      | Killed Natasha
  3659 | D:4      | Found a shimmering blue altar of Sif Muna.
  3674 | D:4      | Found Xoysis's Book Boutique.
  3695 | D:4      | Became a worshipper of Sif Muna the Loreminder
  3827 | D:4      | Reached XP level 5. HP: 38/38 MP: 5/8
  3843 | D:4      | Reached skill level 5 in Air Magic
  3979 | D:4      | Noticed Natasha
  3989 | D:4      | Killed Natasha
  4038 | D:4      | Killed an ogre
  4039 | D:4      | Reached XP level 6. HP: 45/45 MP: 1/9
  4114 | D:4      | Learned a level 4 spell: Airstrike
  4242 | D:4      | Noticed Natasha
  4246 | D:4      | Killed Natasha
  4800 | D:5      | Entered Level 5 of the Dungeon
  4811 | D:5      | Reached skill level 1 in Fighting
  4900 | D:5      | Reached skill level 6 in Air Magic
  4903 | D:5      | Noticed Edmund
  5273 | D:5      | Your scales start taking on a pale cyan-grey colour.
  5273 | D:5      | Reached XP level 7. HP: 13/53 MP: 4/10
  5273 | D:5      | Gained mutation: You are immune to the effects of steam.
                  | [Pale Draconian growth]
  5889 | D:5      | Found a staircase to the Ecumenical Temple.
  5918 | Temple   | Entered the Ecumenical Temple
  6424 | D:5      | Killed Edmund
  6425 | D:5      | Reached skill level 7 in Air Magic
  6682 | D:5      | Reached skill level 5 in Unarmed Combat
  6682 | D:5      | Reached XP level 8. HP: 63/63 MP: 5/12
  7186 | D:5      | Found a snail-covered altar of Cheibriados.
  7351 | D:5      | Reached * piety under Sif Muna
  7352 | D:5      | Reached skill level 8 in Air Magic
  7520 | D:6      | Noticed Eustachio
  7537 | D:6      | Killed Eustachio
  8093 | D:6      | Reached skill level 9 in Air Magic
  8657 | D:6      | Found an opulent altar of Gozag.
  9025 | D:6      | Reached XP level 9. HP: 69/69 MP: 8/13
  9141 | D:6      | Found a shimmering altar of Xom.
  9142 | D:6      | Found an iron altar of Okawaru.
  9252 | D:6      | Found a white marble altar of Elyvilon.
  9252 | D:6      | Found a glowing golden altar of the Shining One.
  9252 | D:6      | Found a glowing silver altar of Zin.
  9507 | D:7      | Noticed a gargoyle
  9626 | D:7      | Killed a gargoyle
  9988 | D:7      | Noticed a cyclops
  9992 | D:7      | Killed a cyclops
 10420 | D:7      | Noticed a seven-headed hydra
 10449 | D:7      | Killed a seven-headed hydra
 10450 | D:7      | Reached skill level 10 in Air Magic
 11413 | D:8      | Noticed a two-headed ogre
 11424 | D:8      | Killed a two-headed ogre
 11425 | D:8      | Reached XP level 10. HP: 64/80 MP: 0/16
 11745 | D:8      | Reached skill level 5 in Fighting
 11746 | D:8      | Reached ** piety under Sif Muna
 11820 | D:8      | Noticed a white ugly thing
 11828 | D:8      | Noticed a centaur warrior
 11892 | D:8      | Killed a white ugly thing
 12441 | D:8      | Killed a centaur warrior
 12442 | D:8      | Reached skill level 11 in Air Magic
 13891 | D:9      | Found a staircase to the Orcish Mines.
 14522 | D:9      | Reached skill level 5 in Spellcasting
 14610 | D:9      | Reached skill level 5 in Dodging
 15271 | D:9      | Identified a scroll of acquirement
 15271 | D:9      | Acquired a staff of air
 15659 | D:9      | Found a staircase to the Lair.
 16259 | D:9      | Noticed Joseph
 16275 | D:9      | Killed Joseph
 16276 | D:9      | Reached XP level 11. HP: 89/89 MP: 1/19
 16291 | Lair:1   | Entered Level 1 of the Lair of Beasts
 16430 | Lair:1   | Noticed a lindwurm
 16432 | Lair:1   | Found a dark tunnel.
 16436 | Lair:1   | Killed a lindwurm
 16437 | Lair:1   | Reached skill level 10 in Unarmed Combat
 16500 | Volcano  | Entered a volcano
 16548 | Volcano  | Noticed a red ugly thing
 16548 | Volcano  | Noticed a sun demon
 16548 | Volcano  | Noticed a red ugly thing
 16870 | Lair:1   | Noticed a four-headed hydra
 16881 | Lair:1   | Killed a four-headed hydra
 16986 | Lair:1   | Noticed a four-headed hydra
 16994 | Lair:1   | Killed a four-headed hydra
 16995 | Lair:1   | Reached skill level 12 in Air Magic
 17133 | Lair:1   | HP: 3/89 [sun demon (17)]
 17901 | D:10     | Entered Level 10 of the Dungeon
 18056 | D:10     | Found a hazy altar of Hepliaklqana.
 18070 | D:10     | Noticed a two-headed ogre
 18116 | D:10     | Killed a two-headed ogre
 18208 | D:10     | Reached skill level 1 in Invocations
 18352 | D:10     | Found a burning altar of Makhleb.
 18359 | D:10     | Reached *** piety under Sif Muna
 19497 | D:10     | Found a shadowy altar of Dithmenos.
 19688 | Lair:2   | Reached skill level 13 in Air Magic
 19772 | Lair:1   | Learned a level 4 spell: Summon Lightning Spire
 20115 | Lair:2   | Reached XP level 12. HP: 96/96 MP: 16/21
 20228 | D:4      | Bought a book of Weapons for 416 gold pieces
 20234 | D:4      | Learned a level 5 spell: Blade Hands
 20522 | Lair:2   | Reached skill level 1 in Transmutations
 21189 | Lair:2   | Found a staircase to the Swamp.
 21554 | Lair:2   | Noticed a death yak
 21578 | Lair:2   | Noticed a death yak
 21579 | Lair:2   | Noticed a death yak
 21817 | Lair:2   | Killed a death yak
 21841 | Lair:1   | Killed a death yak
 22996 | Lair:1   | Reached skill level 5 in Transmutations
 23758 | Lair:1   | Killed a death yak
 24233 | Lair:3   | Reached **** piety under Sif Muna
 24475 | Lair:3   | Noticed a five-headed hydra
 24498 | Lair:3   | Killed a five-headed hydra
 24665 | Lair:3   | Noticed Rupert
 24671 | Lair:3   | Paralysed by Rupert for 6 turns
 24702 | Lair:3   | Demolished by Rupert

Illustrated notes

Levels and vault maps discovered:
D:1:      matt_arrival_spirals, layout_basic, dk_noncrumbling_4
D:2:      layout_rooms, hellmonk_ecumenical_altar_inner_sanctum, serial_shops,
          nicolae_shop_hallway_stairs, kennysheep_nub, kennysheep_generic_room_8
D:3:      layout_rooms, uniq_terence
D:4:      layout_basic, lemuel_crystal_altar, serial_shops, shop,
          kennysheep_minor_cross, uniq_natasha
D:5:      minmay_opposing_rooms, layout_loops_ring, slow_altar_2,
          minmay_temple_entry_arrows, uniq_edmund
D:6:      layout_basic, good_gods_mini_temple, nicolae_overflow_squiral,
          nicolae_overflow_crystal_walls, nicolae_grassy_gnolls, uniq_eustachio
D:7:      layout_gridville, minmay_misc_feat_chi, lemuel_flame_loot_1
D:8:      minmay_chambers_of_sixes, layout_basic
D:9:      layout_basic, due_lair_maze_entry_diamond,
          minmay_orc_entry_temple_small, enter_bailey_8, uniq_joseph
D:10:     layout_roguey, mainiacjoe_overflow_concentric_impassable,
          grunt_dithmenos_shadows, general_overflow_altar, st_stairs_2
Temple:   minmay_temple_curvy_loop
Lair:1:   layout_roguey, nicolae_volcano_entry_vermiform, serial_bayou_shore_a
Lair:2:   layout_loops_ring, swamp_mist, grunt_megastairs_1
Lair:3:   layout_misc_corridors, guppyfry_snake_entry_island, basic_altar,
          minmay_lindwurm_lava, lemuel_fruit_fields, grunt_megastairs_3,
          uniq_rupert

Skill      XL: |  1  2  3  4  5  6  7  8  9 10 11 12 |
---------------+-------------------------------------+-----
Unarmed Combat | 1 2 3 4 5 7 8 9 11 12 | 12.0
Air Magic      | 4 5 6 7 9 10 11 13 | 13.7
Dodging        | 2 3 4 5 6 |  6.0
Fighting       | 1 3 4 6 |  6.0
Spellcasting   | 3 4 5 6 |  6.6
Invocations    | 3 |  3.0
Transmutations | 6 |  6.6
Stealth        | |  1.7
Conjurations   | |  1.0

Action                   |  1- 3 |  4- 6 |  7- 9 | 10-12 || total
-------------------------+-------+-------+-------+-------++-------
Melee: Unarmed           |    33 |    65 |    88 |   166 ||   352
       Tailslap          |     4 |     6 |    10 |    28 ||    48
       Punch             |       |     1 |     2 |     8 ||    11
       Staff             |       |       |       |     2 ||     2
 Cast: Shock             |    80 |    90 |   146 |    57 ||   373
       Airstrike         |       |       |    43 |   190 ||   233
       Summon Lightning  |       |       |       |    21 ||    21
       Blade Hands       |       |       |       |     2 ||     2
Invok: Channel Magic     |       |       |       |     1 ||     1
 Abil: Breathe Steam     |       |       |    14 |    17 ||    31
Evoke: Wand              |       |       |     4 |       ||     4
  Use: Scroll            |     3 |     4 |     5 |    15 ||    27
       Potion            |       |       |       |     2 ||     2
 Stab: Sleeping          |       |       |     1 |       ||     1
       Distracted        |       |       |       |     1 ||     1
       Invisible         |       |       |       |     1 ||     1
Armor: Skin              |    13 |    30 |    53 |    89 ||   185
Dodge: Dodged            |    28 |    72 |    80 |   201 ||   381
